 Dungeon Crawl Stone Soup version 0.23.1-37-gaa34b87 (webtiles) character file.

Game seed: 4577902790260043436

4633 myga the Covert (level 10, -2/44 HPs)
             Began as a Felid Wanderer on Mar 23, 2019.
             Was a Believer of Makhleb.
             Slain by a shambling mangrove (16 damage)
             ... on level 2 of the Swamp on Mar 25, 2019.
             The game lasted 01:35:48 (14516 turns).

myga the Covert (Felid Wanderer)                   Turns: 14516, Time: 01:35:49

Health: -2/44      AC:  2    Str: 11    XL:     10   Next: 20%
Magic:  16/16      EV: 33    Int: 13    God:    Makhleb [**....]
Gold:   775        SH:  0    Dex: 24    Spells: 12/16 levels left
                                        Lives:  0   Deaths: 2

rFire    + . .     SeeInvis +     - Unarmed
rCold    . . .     Gourm    .   (shield unavailable)
rNeg     . . .     Faith    .   (armour unavailable)
rPois    .         Spirit   .   (helmet unavailable)
rElec    +         Reflect  .   (cloak unavailable)
rCorr    +         Harm     .   (gloves unavailable)
MR       +....                  (boots unavailable)
Stlth    ++++++++..             p - amulet of the Air {Inacc +Fly rElec EV+5 RMsl}
HPRegen  0.14/turn              l - ring of resist corrosion
MPRegen  0.15/turn              k - ring of protection from fire

@: agile, grasped by roots, constricted, repel missiles, quick
A: very small, no armour, no weapons or thrown items, stealth, claws 1, fangs 3,
horns 1, see invisible, agile 1, carnivore, speed 1, shaggy fur 2, slow
metabolism 1, sharp paws
a: Minor Destruction, Renounce Religion, Evoke Flight


You were on level 2 of the Swamp.
You worshipped Makhleb.
Makhleb was pleased with you.
You were very full.

You visited 5 branches of the dungeon, and saw 17 of its levels.
You also visited: Sewer.

You collected 775 gold pieces.

Inventory:

Jewellery
 d - an uncursed ring of teleportation
 k - a ring of protection from fire (right paw)
 l - a ring of resist corrosion (left paw)
 p - the amulet of the Air (around neck) {Inacc +Fly rElec EV+5 RMsl}
   (You found it on level 2 of the Lair of Beasts)

   [amulet of inaccuracy]

   It reduces the accuracy of all your attacks.
   It affects your evasion (+5).
   It insulates you from electricity.
   It lets you fly.
   It protects you from missiles.
 x - an uncursed ring of ice
Wands
 v - a wand of enslavement (16)
Scrolls
 b - a scroll of fog
 f - 4 scrolls of magic mapping
 i - 14 scrolls of remove curse
 n - a scroll of fear
 o - 3 scrolls of immolation
 q - a scroll of identify
 r - a scroll of noise
Potions
 a - 2 potions of magic
 e - a potion of brilliance
 g - a potion of agility
 h - a potion of flight
 j - 5 potions of curing
 m - a potion of ambrosia
Comestibles
 c - 25 rations


   Skills:
 + Level 5.2 Fighting
 + Level 7.7 Dodging
 + Level 14.3 Stealth
 + Level 12.6 Unarmed Combat
 + Level 3.6 Spellcasting
 + Level 2.2 Conjurations
 + Level 0.6 Poison Magic
 + Level 1.1 Invocations
 + Level 3.9 Evocations


You had 12 spell levels left.
You knew the following spells:

 Your Spells              Type           Power        Failure   Level  Hunger
a - Magic Dart            Conj           #...         9%          1    #......
b - Searing Ray           Conj           #.....       13%         2    ##.....
c - Sting                 Conj/Pois      #...         12%         1    #......

Your spell library contained the following spells:

 Spells                   Type           Power        Failure   Level  Hunger
 Poisonous Vapours        Pois/Air       #.....       28%         2    ##.....
 Dazzling Spray           Conj/Hex       #.....       38%         3    ###....
 Mephitic Cloud           Conj/Pois/Air  #.......     41%         3    ###....
 Iskenderun's Mystic Bla  Conj           #.......     63%         4    #####..
 Force Lance              Conj/Tloc      #.......     80%         4    #####..
 Fulminant Prism          Conj/Hex       #.........   80%         4    #####..
 Olgreb's Toxic Radiance  Pois           #.......     85%         4    #####..
 Venom Bolt               Conj/Pois      #.........   97%         5    ######.


Dungeon Overview and Level Annotations

Branches:
Dungeon (10/15)            Temple (1/1) D:7            Lair (3/6) D:10
  Swamp (2/4) Lair:3        Snake (1/4) Lair:2
    Orc: D:9-12

Altars:
Ashenzari
Cheibriados
Dithmenos
Elyvilon
Fedhas
Gozag
Hepliaklqana
Kikubaaqudgha
Makhleb
Nemelex Xobeh
Okawaru
Qazlal
Ru
Sif Muna
Trog
Uskayaw
Vehumet
Wu Jian
Xom
Yredelemnul
Zin
The Shining One

Shops:
D:6 }

Annotations:
D:9 1 runed translucent door, Borgoz's ghost, novice GrFi
Snake:1 Azrael


Innate Abilities, Weirdness & Mutations

You cannot wear armour.
You are incapable of wielding weapons or throwing items.
Your paws allow you to move quietly. (Stealth)
You have sharp claws.
You have razor-sharp teeth.
You have supernaturally acute eyesight. (SInv)
You are carnivorous and can eat meat at any time.
You cover ground quickly.
You are covered in thick fur. (AC +2)
You have a slow metabolism.
Your sharp claws are effective at attacking unaware monsters.
You have a pair of small horns on your head.
You are agile. (Dex +2)


Message History

The six-headed hydra roars!
A spriggan rider comes into view. It is wielding a +0 spear.
The swamp worm throws harpoon shot at you.
The harpoon shot is repelled.
The alligator completely misses you. The alligator misses you.
A swamp worm and a shambling mangrove come into view.
The spriggan rider shouts!
A spiny frog comes into view.
The swamp worm moves out of view.
As you read the scroll of fear, it crumbles to dust.
You assume a fearsome visage.
The six-headed hydra looks frightened!
The spriggan rider resists with almost no effort.
The spriggan rider easily resists.
The alligator looks frightened!
The spiny frog looks frightened!
The spiny frog gives a loud, deep croak!
The spriggan rider easily resists.
The shambling mangrove is unaffected.
The swamp worm looks frightened!
The alligator looks frightened!
Roots burst forth from the earth!
The grasping roots grab you!
You die...

≈..≈D..≈≈≈.♣ ♣≈≈≈f≈. .♣
≈≈≈≈≈≈≈♣.... .^≈≈≈≈.≈≈♣
♣.≈.≈≈≈..♣≈≈
≈≈...≈.♣.♣♣♣.≈≈≈.≈.≈≈≈.
≈♣.D≈≈..≈♣♣.i≈≈≈≈≈.....
≈≈§≈≈≈.≈≈♣♣§♣.i.≈.≈≈≈≈
≈≈.≈i..≈...≈..♣...♣
§.:≈≈.....≈≈...<♣
♣≈≈≈≈..@≈≈t♣.♣♣♣♣.♣
≈≈≈≈≈...§..≈≈t.≈..♣
≈≈≈≈≈...≈≈♣♣♣♣.≈♣.♣
...≈≈.....♣ .≈...
≈≈≈≈.≈≈≈.♣♣ ≈≈≈.♣
≈§≈≈≈§≈w.. ≈≈≈♣♣
≈≈.≈≈....§ ≈.♣
≈≈.≈≈.≈≈... ..♣
≈§≈<.≈..≈≈


You could see a shambling mangrove, 2 alligators, a six-headed hydra (fleeing),
3 spriggan riders and a swamp worm (fleeing).

Vanquished Creatures
  A hydra (Swamp:1)
  A naga warrior (Lair:2)
  Sonja (Lair:3)
  2 black mambas
  A spiny frog (Lair:1)
  2 komodo dragons (Lair:2)
  4 blink frogs (Lair:1)
  Grinder (D:4)
  5 hippogriffs
  3 wyverns
  Sigmund (D:3)
  4 humans (D:8)
  2 nagas (Lair:2)
  A swamp worm (Lair:3)
  2 water moccasins (Lair:1)
  4 porcupines
  5 orc warriors
  An ice beast (D:8)
  A phantom (D:6)
  2 sky beasts
  2 centaurs
  An eye of draining (D:9)
  7 ogres
  A big kobold (Sewer)
  4 crocodiles
  7 bullfrogs
  A wyvern zombie (D:7)
  A water moccasin zombie (D:8)
  2 scorpions
  5 wights (D:8)
  An electric eel (D:9)
  3 howler monkeys
  A bullfrog zombie (D:9)
  4 jellies
  5 hounds
  6 orc priests
  A centaur skeleton (D:4)
  5 orc wizards
  4 bullfrog skeletons
  A gnoll shaman (D:8)
  3 iguanas
  Natasha (D:4)
  9 worker ants
  A hound zombie (D:5)
  A worker ant zombie (D:7)
  A howler monkey skeleton (D:9)
  15 adders
  14 gnolls
  3 river rats (Sewer)
  2 shadow imps (D:8)
  An ooze (D:4)
  2 adder zombies
  2 worms (D:2)
  2 leopard geckos
  28 orcs
  A ball python (D:1)
  11 bats
  5 giant cockroaches
  7 goblins
  7 hobgoblins
  3 jackals
  15 kobolds
  2 quokkas
  9 frilled lizards
  A leopard gecko skeleton (D:5)
  A quokka skeleton (D:8)
  13 rats
266 creatures vanquished.

Vanquished Creatures (collateral kills)
  2 tyrant leeches (Lair:3)
2 creatures vanquished.

Grand Total: 268 creatures vanquished

Notes
Turn   | Place    | Note
-------+----------+-------------------------------------------
     0 | D:1      | myga the Felid Wanderer began the quest for the Orb.
     0 | D:1      | myga set off with the following items: a potion of berserk
                  | rage, 2 potions of lignification, a ration
     0 | D:1      | Reached XP level 1. HP: 10/10 MP: 2/2
   444 | D:1      | Reached XP level 2. HP: 14/14 MP: 3/3
   571 | D:1      | Reached skill level 1 in Dodging
  1079 | D:1      | Reached skill level 3 in Stealth
  1371 | D:2      | Reached XP level 3. HP: 4/17 MP: 4/4
  1995 | D:2      | Reached skill level 4 in Stealth
  2047 | D:2      | Reached XP level 4. HP: 21/21 MP: 5/5
  3128 | D:3      | Reached XP level 5. HP: 24/24 MP: 6/6
  3719 | D:3      | Noticed Sigmund
  3741 | D:3      | Gained mutation: You are covered in thick fur. (AC +2)
                  | [Felid growth]
  3741 | D:3      | Reached XP level 6. HP: 23/28 MP: 7/7
  3812 | D:3      | Killed Sigmund
  3812 | D:3      | Reached skill level 5 in Stealth
  4400 | D:4      | Noticed Grinder
  4405 | D:4      | Found a blossoming altar of Fedhas.
  4416 | D:4      | Killed Grinder
  4416 | D:4      | Reached skill level 6 in Stealth
  4416 | D:4      | Reached skill level 1 in Evocations
  4416 | D:4      | Reached XP level 7. HP: 18/31 MP: 7/9
  4536 | D:4      | Found a glowing drain.
  4565 | Sewer    | Entered a sewer
  4851 | Sewer    | Found a glowing silver altar of Zin.
  5190 | D:4      | Noticed Natasha
  5192 | D:4      | Killed Natasha
  5261 | D:5      | Entered Level 5 of the Dungeon
  5273 | D:5      | Reached skill level 7 in Stealth
  5344 | D:5      | Reached XP level 8. HP: 33/36 MP: 10/10
  5804 | D:5      | Reached skill level 8 in Stealth
  6635 | D:7      | Reached skill level 9 in Stealth
  6720 | D:6      | Found Ulugheam's Gadget Emporium.
  6844 | D:6      | Found a stormy altar of Qazlal.
  6848 | D:6      | Noticed an air elemental
  7152 | D:6      | Reached skill level 5 in Dodging
  7152 | D:6      | Reached XP level 9. HP: 28/39 MP: 11/11
  7869 | D:7      | Found a staircase to the Ecumenical Temple.
  7877 | Temple   | Entered the Ecumenical Temple
  8040 | Temple   | Became a worshipper of Makhleb the Destroyer
  8302 | D:7      | Reached skill level 10 in Unarmed Combat
  8993 | D:7      | Reached skill level 10 in Stealth
  9102 | D:7      | Learned a level 1 spell: Magic Dart
  9105 | D:7      | Learned a level 2 spell: Searing Ray
  9490 | D:8      | HP: 1/39 [orc warrior/+0 glaive (20)]
  9860 | D:8      | Reached skill level 11 in Stealth
  9965 | D:8      | Learned a level 1 spell: Sting
 10130 | D:7      | Reached skill level 1 in Spellcasting
 10130 | D:7      | Reached XP level 10. HP: 19/43 MP: 0/13
 10357 | D:8      | Reached * piety under Makhleb
 11304 | D:8      | Gained mutation: You are agile. (Dex +2) [potion of
                  | mutation]
 11304 | D:8      | Gained mutation: You have a pair of small horns on your
                  | head. [potion of mutation]
 11330 | D:8      | Reached ** piety under Makhleb
 11571 | D:9      | Found a runed translucent door.
 11571 | D:9      | Noticed Borgoz's ghost (novice GrFi)
 11997 | D:9      | Got a faintly glowing cloak
 12159 | D:9      | Reached skill level 12 in Stealth
 12526 | D:10     | Entered Level 10 of the Dungeon
 12526 | D:10     | Found a staircase to the Lair.
 12536 | Lair:1   | Entered Level 1 of the Lair of Beasts
 12586 | Lair:1   | Noticed a black mamba
 12604 | Lair:1   | Killed a black mamba
 12604 | Lair:1   | Reached skill level 1 in Conjurations
 12770 | Lair:1   | Noticed a spiny frog
 12773 | Lair:1   | Killed a spiny frog
 12801 | Lair:1   | Found a white marble altar of Elyvilon.
 12929 | Lair:1   | Reached skill level 13 in Stealth
 13077 | Lair:1   | Reached skill level 5 in Fighting
 13077 | Lair:1   | Reached XP level 11. HP: 47/47 MP: 15/15
 13623 | Lair:2   | Found a staircase to the Snake Pit.
 13696 | Snake:1  | Entered Level 1 of the Snake Pit
 13696 | Snake:1  | Noticed a naga warrior
 13712 | Snake:1  | Noticed a naga sharpshooter
 13738 | Lair:2   | HP: 1/47 [naga warrior/+0 short sword (7)]
 13738 | Lair:2   | Slain by a naga warrior
 13739 | Lair:2   | Reached XP level 10. HP: -4/44 MP: 2/15
 13753 | Lair:2   | Killed a naga warrior
 13885 | Lair:2   | Found the amulet of the Air {Inacc +Fly rElec EV+5 RMsl}
 13978 | Snake:1  | Noticed Azrael
 13989 | Lair:2   | Killed from afar by a hell hound
 13990 | Lair:2   | Reached XP level 9. HP: -17/40 MP: 14/14
 14020 | Lair:3   | Noticed Sonja
 14026 | Lair:3   | Killed Sonja
 14026 | Lair:3   | Reached skill level 14 in Stealth
 14075 | Lair:3   | Noticed a seven-headed hydra
 14075 | Lair:3   | Noticed a death yak
 14075 | Lair:3   | Noticed a death yak
 14075 | Lair:3   | Noticed a death yak
 14083 | Lair:3   | Noticed a death yak
 14231 | Lair:3   | Found a staircase to the Swamp.
 14231 | Lair:3   | Noticed a tyrant leech
 14232 | Lair:3   | Noticed a tyrant leech
 14256 | Lair:3   | Killed a tyrant leech
 14257 | Lair:3   | Killed a tyrant leech
 14257 | Lair:3   | Reached XP level 10. HP: 27/44 MP: 16/16
 14469 | Swamp:1  | Entered Level 1 of the Swamp
 14481 | Swamp:1  | Noticed a seven-headed hydra
 14485 | Swamp:1  | Killed a seven-headed hydra
 14485 | Swamp:1  | Reached skill level 1 in Invocations
 14489 | Swamp:1  | Noticed an alligator
 14507 | Swamp:2  | Noticed a spriggan rider
 14507 | Swamp:2  | Noticed an alligator
 14507 | Swamp:2  | Noticed an eight-headed hydra
 14508 | Swamp:2  | Noticed a spriggan rider
 14514 | Swamp:2  | Noticed a six-headed hydra
 14514 | Swamp:2  | Noticed a spriggan rider
 14515 | Swamp:2  | Noticed a shambling mangrove
 14515 | Swamp:2  | Noticed a spiny frog
 14516 | Swamp:2  | Slain by a shambling mangrove

Skill      XL: |  1  2  3  4  5  6  7  8  9 10 11 |
---------------+----------------------------------+-----
Dodging        | 1 2 3 5 6 7 |  7.7
Stealth        | 3 4 6 7 9 14 13 | 14.3
Unarmed Combat | 6 7 8 9 11 12 | 12.6
Evocations     | 1 2 3 |  3.9
Fighting       | 4 5 |  5.2
Spellcasting   | 1 2 3 |  3.6
Conjurations   | 2 1 |  2.2
Invocations    | 1 |  1.1
Poison Magic   | |  0.6

Action                   |  1- 3 |  4- 6 |  7- 9 | 10-12 || total
-------------------------+-------+-------+-------+-------++-------
Melee: Unarmed           |    98 |   106 |   264 |   190 ||   658
       Bite              |     5 |     8 |    35 |    14 ||    62
       Punch             |     1 |     5 |    18 |     7 ||    31
       Headbutt          |       |       |     1 |    16 ||    17
 Cast: Magic Dart        |       |       |    15 |    42 ||    57
       Sting             |       |       |     9 |    10 ||    19
       Searing Ray       |       |       |     2 |    12 ||    14
Invok: Minor Destruction |       |       |       |     4 ||     4
Evoke: Wand              |       |    11 |    38 |     9 ||    58
  Use: Scroll            |     3 |     4 |    13 |     4 ||    24
       Potion            |     4 |     4 |    10 |     6 ||    24
 Stab: Sleeping          |    14 |     8 |    18 |    23 ||    63
       Distracted        |       |       |     3 |     5 ||     8
       Invisible         |       |       |     3 |       ||     3
       Confused          |       |       |       |     2 ||     2
  Eat: Chunk             |     9 |     5 |    15 |    18 ||    47
Armor: Skin              |     6 |     6 |     3 |     2 ||    17
Dodge: Dodged            |    62 |    53 |   162 |   170 ||   447
       Deflected         |       |       |     3 |     3 ||     6
